CAROLINA vs EDMONTON

Created - Wednesday, January 03, 2018 at 21:15

Goals
1 2 3 T
CAROLINA 0 0 2 2
EDMONTON 0 0 1 1
Shots
1 2 3 T
CAROLINA 15 5 18 38
EDMONTON 6 13 13 32

1st period

No Goal

Penalties :
Paul Byron (EDM) for Boarding (Minor) at 8:59, Deryk Engelland (EDM) for Unsportsmanlike conduct (Minor) at 13:44, Brad Richardson (EDM) for Hooking (Minor) at 18:27

2nd period

No Goal

Penalties :
Shea Weber (CAR) for Hooking (Minor) at 5:25, Luke Schenn (CAR) for Holding (Minor) at 16:35

3rd period

1. CAROLINA , Claude Giroux 11 (Alexander Steen 18, Brent Burns 32) at 3:26
2. EDMONTON , Sami Vatanen 4 (Kevin Shattenkirk 16) at 11:44 (PP)
3. CAROLINA , Claude Giroux 12 (Shea Weber 19, Vladimir Tarasenko 23) at 15:08 (PP)

Penalties :
Shea Weber (CAR) for Tripping (Minor) at 11:02, Jason Chimera (EDM) for Slashing (Minor) at 14:31

Goalie Stats

Sergei Bobrovsky (CAR), 31 saves from 32 shots - (0.969), W, 22-5-2, 60:00 minutes
Roberto Luongo (EDM), 36 saves from 38 shots - (0.947), L, 18-11-1, 59:12 minutes

Players Stats for CAROLINA

Player Name              G  A  P  +/- PIM S  H  SB GA TA FO     MP     PP MP  PK MP  
------------------------------------------------------------------------------------
Alexander Steen          0  1  1   1  0   4  3  0  0  0  1/4    21:00   2:49   1:16 
Antoine Roussel          0  0  0   0  0   1  1  0  0  0  1/2    11:20   0:00   0:00 
Blake Comeau             0  0  0   0  0   1  0  0  0  0  0/0     6:17   0:00   0:00 
Brent Burns              0  1  1   1  0   4  2  6  0  0  0/0    25:07   4:15   2:38 
Claude Giroux            2  0  2   1  0   7  1  0  0  0  15/27  20:52   2:49   1:16 
Luke Schenn              0  0  0   0  2   1  1  0  0  0  0/0    20:55   2:19   1:23 
Matt Nieto               0  0  0   0  0   1  0  0  0  0  0/0     6:17   0:00   0:00 
Michael Cammalleri       0  0  0   0  0   2  0  0  0  0  5/8    11:20   0:00   0:00 
Michael Grabner          0  0  0   0  0   1  0  0  0  0  0/1    17:59   3:45   0:00 
Patrice Bergeron         0  0  0   0  0   2  1  1  0  0  13/21  20:25   3:45   2:18 
Paul Martin              0  0  0   0  0   0  0  1  0  0  0/0    13:34   0:00   0:16 
Scottie Upshall          0  0  0   0  0   0  2  0  0  0  0/0    11:20   0:00   0:00 
Shayne Gostisbehere      0  0  0   0  0   0  0  1  0  0  0/0    21:59   2:19   2:26 
Shea Weber               0  1  1   1  4   3  4  2  0  0  0/0    23:31   4:15   1:04 
Thomas Hickey            0  0  0   0  0   0  0  0  0  0  0/0    14:51   0:00   1:33 
Torrey Mitchell          0  0  0   0  0   1  0  0  0  0  4/11    7:27   0:00   1:10 
Vladimir Tarasenko       0  1  1   1  0   4  0  0  0  0  2/8    23:04   2:49   3:20 
Zach Parise              0  0  0   0  0   6  1  0  0  0  0/0    17:59   3:45   0:00 

Players Stats for EDMONTON

Player Name              G  A  P  +/- PIM S  H  SB GA TA FO     MP     PP MP  PK MP  
------------------------------------------------------------------------------------
Andrew MacDonald         0  0  0   0  0   0  0  2  0  0  0/0    19:09   2:08   3:17 
Brad Richardson          0  0  0   0  2   0  0  0  0  0  3/5     4:49   0:00   0:20 
Brandon Sutter           0  0  0   0  0   1  1  0  0  0  12/18  14:36   0:00   2:17 
Bryan Little             0  0  0   0  0   3  0  1  0  0  10/20  17:55   3:11   0:00 
Cam Atkinson             0  0  0  -1  0   3  0  0  0  0  0/0    22:39   1:29   3:57 
Deryk Engelland          0  0  0   0  2   0  5  2  0  0  0/0    15:50   0:00   2:07 
Eric Staal               0  0  0  -1  0   4  1  0  0  0  15/34  22:39   1:29   3:57 
Jason Chimera            0  0  0   0  2   1  4  1  0  0  0/1    12:18   0:00   0:00 
Josh Manson              0  0  0   0  0   0  3  1  0  0  0/0    18:13   0:00   2:24 
Kevin Shattenkirk        0  1  1  -1  0   1  3  0  0  0  0/0    22:58   2:32   1:13 
Kyle Okposo              0  0  0   0  0   5  0  1  0  0  0/1    17:55   3:11   0:00 
Marcus Johansson         0  0  0   0  0   2  0  0  0  0  0/0    17:55   3:11   0:00 
Mark Giordano            0  0  0  -1  0   1  1  3  0  0  0/0    24:38   2:08   3:17 
Matt Calvert             0  0  0   0  0   0  0  0  0  0  0/0     4:30   0:00   0:00 
Melker Karlsson          0  0  0   0  0   0  1  0  0  0  0/0     4:30   0:00   0:00 
Ondrej Palat             0  0  0  -1  0   3  0  0  0  0  1/2    20:59   1:29   2:17 
Paul Byron               0  0  0   0  2   5  0  0  0  0  0/1    12:38   0:00   0:20 
Sami Vatanen             1  0  1   0  0   3  0  1  0  0  0/0    19:11   2:32   0:50 

3 Stars

1 - Claude Giroux (CAR)
2 - Sergei Bobrovsky (CAR)
3 - Roberto Luongo (EDM)

Power Play

CAROLINA - 1 on 4 Attempt(s) - 25.00%
EDMONTON - 1 on 3 Attempt(s) - 33.33%

Penalty Kill

CAROLINA - 2 on 3 Attempt(s) - 66.67% - Score 0 goal in Penalty Kill
EDMONTON - 3 on 4 Attempt(s) - 75.00% - Score 0 goal in Penalty Kill

Team Stat

CAROLINA - Hits : 16 - Faceoff Wins : 41 - Blocked Shots : 11 - Penalty Minutes : 6
EDMONTON - Hits : 19 - Faceoff Wins : 41 - Blocked Shots : 12 - Penalty Minutes : 8

Official

Referees : Unknown
Linesman : Unknown

Game Notes

No Game Note

Finance

Level 1 -- Attendance: 4706 (78.43%) -- Ticket Income $470,600
Level 2 -- Attendance: 3796 (75.92%) -- Ticket Income $227,760
Level 3 -- Attendance: 1828 (91.40%) -- Ticket Income $63,980
Level 4 -- Attendance: 3797 (94.93%) -- Ticket Income $75,940
Luxury Box -- Attendance: 740 (74.00%) -- Ticket Income $148,000
Game was played at the Rogers Place.
Total Attendance: 14867 (82.59%)
Total Ticket Income: $986,280
Total Income: $986,280

CAROLINA

5 vs 5 Forward 
   Center                   Left Wing                Right Wing               Time % Phy DF OF 
 1 Claude Giroux            Alexander Steen          Vladimir Tarasenko       35     1   2  2  
 2 Patrice Bergeron         Zach Parise              Michael Grabner          30     1   2  2  
 3 Michael Cammalleri       Antoine Roussel          Scottie Upshall          25     1   2  2  
 4 Torrey Mitchell          Matt Nieto               Blake Comeau             10     1   2  2  

5 vs 5 Defense 
   Defense                  Defense                                           Time % Phy DF OF 
 1 Shea Weber               Brent Burns                                       35     1   2  2  
 2 Luke Schenn              Shayne Gostisbehere                               30     1   2  2  
 3 Paul Martin              Thomas Hickey                                     25     1   2  2  
 4 Shea Weber               Brent Burns                                       10     1   2  2  

PowerPlay Forward 
   Center                   Left Wing                Right Wing               Time % Phy DF OF 
 1 Claude Giroux            Alexander Steen          Vladimir Tarasenko       60     1   2  2  
 2 Patrice Bergeron         Zach Parise              Michael Grabner          40     1   2  2  

PowerPlay Defense
   Defense                  Defense                                           Time % Phy DF OF 
 1 Shea Weber               Brent Burns                                       60     1   2  2  
 2 Luke Schenn              Shayne Gostisbehere                               40     1   2  2  

Penalty Kill 4 Players Forward 
   Center                   Wing                     Time % Phy DF OF 
 1 Vladimir Tarasenko       Patrice Bergeron         60     1   2  2  
 2 Claude Giroux            Alexander Steen          40     1   2  2  

Penalty Kill 4 Players Defense
   Defense                  Defense                  Time % Phy DF OF 
 1 Shea Weber               Brent Burns              60     1   2  2  
 2 Luke Schenn              Shayne Gostisbehere      40     1   2  2  

Penalty Kill - 3 Players Forward 
   Forward                                           Time % Phy DF OF 
 1 Vladimir Tarasenko                                60     1   2  2  
 2 Patrice Bergeron                                  40     1   2  2  

Penalty Kill - 3 Players Defense
   Defense                  Defense                  Time % Phy DF OF 
 1 Shea Weber               Brent Burns              60     1   2  2  
 2 Luke Schenn              Shayne Gostisbehere      40     1   2  2  

4 vs 4 Forward 
   Center                   Wing                     Time % Phy DF OF 
 1 Vladimir Tarasenko       Claude Giroux            60     1   2  2  
 2 Patrice Bergeron         Alexander Steen          40     1   2  2  

4 vs 4 Defense
   Defense                  Defense                  Time % Phy DF OF 
 1 Shea Weber               Brent Burns              60     1   2  2  
 2 Luke Schenn              Shayne Gostisbehere      40     1   2  2  

Last Minutes Offensive
   Center                   Left Wing                Right Wing               Defense                  Defense                  
   Patrice Bergeron         Alexander Steen          Vladimir Tarasenko       Shea Weber               Brent Burns              

Last Minutes Defensive
   Center                   Left Wing                Right Wing               Defense                  Defense                  
   Patrice Bergeron         Alexander Steen          Vladimir Tarasenko       Shea Weber               Brent Burns              

Goaltenders
Starting : Sergei Bobrovsky         
Backup : Thomas Greiss            

Extra Forwards
Normal : Michael Cammalleri, Antoine Roussel, Torrey Mitchell - PP : Michael Cammalleri, Antoine Roussel - PK : Torrey Mitchell
Extra Defensemen
Normal : Paul Martin, Thomas Hickey, Luke Schenn - PP : Paul Martin - PK : Thomas Hickey, Luke Schenn
Penalty Shots
Vladimir Tarasenko, Patrice Bergeron, Claude Giroux, Alexander Steen, Zach Parise

Scratches
None

EDMONTON

5 vs 5 Forward 
   Center                   Left Wing                Right Wing               Time % Phy DF OF 
 1 Eric Staal               Ondrej Palat             Cam Atkinson             35     1   2  2  
 2 Bryan Little             Marcus Johansson         Kyle Okposo              30     1   2  2  
 3 Brandon Sutter           Paul Byron               Jason Chimera            25     1   2  2  
 4 Brad Richardson          Matt Calvert             Melker Karlsson          10     1   2  2  

5 vs 5 Defense 
   Defense                  Defense                                           Time % Phy DF OF 
 1 Mark Giordano            Kevin Shattenkirk                                 35     1   2  2  
 2 Josh Manson              Sami Vatanen                                      30     1   2  2  
 3 Andrew MacDonald         Deryk Engelland                                   25     1   2  2  
 4 Mark Giordano            Kevin Shattenkirk                                 10     1   2  2  

PowerPlay Forward 
   Center                   Left Wing                Right Wing               Time % Phy DF OF 
 1 Eric Staal               Ondrej Palat             Cam Atkinson             55     1   2  2  
 2 Bryan Little             Marcus Johansson         Kyle Okposo              45     1   2  2  

PowerPlay Defense
   Defense                  Defense                                           Time % Phy DF OF 
 1 Mark Giordano            Andrew MacDonald                                  55     1   2  2  
 2 Kevin Shattenkirk        Sami Vatanen                                      45     1   2  2  

Penalty Kill 4 Players Forward 
   Center                   Wing                     Time % Phy DF OF 
 1 Eric Staal               Cam Atkinson             60     1   2  2  
 2 Brandon Sutter           Ondrej Palat             40     1   2  2  

Penalty Kill 4 Players Defense
   Defense                  Defense                  Time % Phy DF OF 
 1 Mark Giordano            Andrew MacDonald         55     1   2  2  
 2 Josh Manson              Deryk Engelland          45     1   2  2  

Penalty Kill - 3 Players Forward 
   Forward                                           Time % Phy DF OF 
 1 Eric Staal                                        55     1   2  2  
 2 Brandon Sutter                                    45     1   2  2  

Penalty Kill - 3 Players Defense
   Defense                  Defense                  Time % Phy DF OF 
 1 Mark Giordano            Andrew MacDonald         55     1   2  2  
 2 Josh Manson              Deryk Engelland          45     1   2  2  

4 vs 4 Forward 
   Center                   Wing                     Time % Phy DF OF 
 1 Eric Staal               Cam Atkinson             60     1   2  2  
 2 Bryan Little             Marcus Johansson         40     1   2  2  

4 vs 4 Defense
   Defense                  Defense                  Time % Phy DF OF 
 1 Mark Giordano            Andrew MacDonald         55     1   2  2  
 2 Kevin Shattenkirk        Sami Vatanen             45     1   2  2  

Last Minutes Offensive
   Center                   Left Wing                Right Wing               Defense                  Defense                  
   Eric Staal               Ondrej Palat             Cam Atkinson             Mark Giordano            Kevin Shattenkirk        

Last Minutes Defensive
   Center                   Left Wing                Right Wing               Defense                  Defense                  
   Eric Staal               Ondrej Palat             Cam Atkinson             Mark Giordano            Andrew MacDonald         

Goaltenders
Starting : Roberto Luongo           
Backup : Ryan Miller              

Extra Forwards
Normal : Jason Chimera, Paul Byron, Ondrej Palat - PP : Jason Chimera, Paul Byron - PK : Paul Byron
Extra Defensemen
Normal : Andrew MacDonald, Deryk Engelland, Kevin Shattenkirk - PP : Deryk Engelland - PK : Sami Vatanen, Kevin Shattenkirk
Penalty Shots
Eric Staal, Bryan Little, Marcus Johansson, Cam Atkinson, Kyle Okposo

Scratches
EDM Cap Hit (Suspend)

% Time on Ice - CAROLINA

Lines # - Real PCT - Wanted PCT - Time Play
Normal Forward
1 - 35% - 35% - 16:47
2 - 29% - 30% - 14:14
3 - 23% - 25% - 11:20
4 - 13% - 10% - 6:17
Normal Defense
1 - 33% - 35% - 15:59
2 - 35% - 30% - 17:14
3 - 27% - 25% - 13:18
4 - 4% - 10% - 2:07
PP Forward
1 - 43% - 60% - 2:49
2 - 57% - 40% - 3:45
PP Defense
1 - 65% - 60% - 4:15
2 - 35% - 40% - 2:19
PK Forward
1 - 73% - 60% - 3:24
2 - 27% - 40% - 1:16
PK Defense
1 - 56% - 60% - 2:38
2 - 44% - 40% - 2:02
PK3 Forward
1 - 0% - 60%
2 - 0% - 40%
PK3 Defense
1 - 0% - 60%
2 - 0% - 40%
44 Forward
1 - 0% - 60%
2 - 0% - 40%
44 Defense
1 - 0% - 60%
2 - 0% - 40%
Last Minute Offensive  - 0:00
Last Minute Defensive  - 0:08
Total
Forward - 60:00
Defense - 60:00

% Time on Ice - EDMONTON

Lines # - Real PCT - Wanted PCT - Time Play
Normal Forward
1 - 35% - 35% - 16:57
2 - 30% - 30% - 14:44
3 - 25% - 25% - 12:19
4 - 9% - 10% - 4:30
Normal Defense
1 - 35% - 35% - 16:57
2 - 33% - 30% - 15:49
3 - 28% - 25% - 13:44
4 - 4% - 10% - 2:00
PP Forward
1 - 32% - 55% - 1:29
2 - 68% - 45% - 3:11
PP Defense
1 - 46% - 55% - 2:08
2 - 54% - 45% - 2:32
PK Forward
1 - 65% - 60% - 4:17
2 - 35% - 40% - 2:17
PK Defense
1 - 50% - 55% - 3:17
2 - 50% - 45% - 3:17
PK3 Forward
1 - 0% - 55%
2 - 0% - 45%
PK3 Defense
1 - 0% - 55%
2 - 0% - 45%
44 Forward
1 - 0% - 60%
2 - 0% - 40%
44 Defense
1 - 0% - 55%
2 - 0% - 45%
Last Minute Offensive  - 0:16
Last Minute Defensive  - 0:00
Total
Forward - 60:00
Defense - 60:00

Play by Play

1st period


0:01 of 1st period - Claude Giroux wins face-off versus Ondrej Palat in neutral zone.
0:10 of 1st period - Icing by Kevin Shattenkirk.
0:11 of 1st period - Patrice Bergeron wins face-off versus Eric Staal in EDMONTON zone.
0:11 of 1st period - Patrice Bergeron is hit by Kevin Shattenkirk.
0:39 of 1st period - Shot by Zach Parise.
0:39 of 1st period - Stopped by Roberto Luongo with a rebound.
2:11 of 1st period - Sami Vatanen is hit by Alexander Steen and loses puck.
2:20 of 1st period - Shot by Vladimir Tarasenko.
2:20 of 1st period - Deflect By Claude Giroux.
2:20 of 1st period - Stopped by Roberto Luongo without a rebound.
2:21 of 1st period - Torrey Mitchell wins face-off versus Brandon Sutter in EDMONTON zone.
2:53 of 1st period - Shot by Jason Chimera.
2:53 of 1st period - Shot Misses the Net.
2:56 of 1st period - Icing by Blake Comeau.
2:57 of 1st period - Brad Richardson wins face-off versus Torrey Mitchell in CAROLINA zone.
3:17 of 1st period - Icing by Mark Giordano.
3:18 of 1st period - Claude Giroux wins face-off versus Brad Richardson in EDMONTON zone.
3:21 of 1st period - Shot by Claude Giroux.
3:21 of 1st period - Stopped by Roberto Luongo without a rebound.
3:22 of 1st period - Brandon Sutter wins face-off versus Claude Giroux in EDMONTON zone.
4:40 of 1st period - Shot by Cam Atkinson.
4:40 of 1st period - Shot Hit the Post.
4:50 of 1st period - Shot by Cam Atkinson.
4:50 of 1st period - Shot Blocked by Shea Weber.
4:52 of 1st period - Shot by Eric Staal.
4:52 of 1st period - Shot Misses the Net.
5:28 of 1st period - Shot by Kyle Okposo.
5:28 of 1st period - Stopped by Sergei Bobrovsky with a rebound.
5:34 of 1st period - Shot by Kyle Okposo.
5:34 of 1st period - Stopped by Sergei Bobrovsky without a rebound.
5:35 of 1st period - Brad Richardson wins face-off versus Torrey Mitchell in CAROLINA zone.
6:01 of 1st period - Shot by Matt Nieto.
6:01 of 1st period - Shot Misses the Net.
6:47 of 1st period - Shot by Paul Byron.
6:47 of 1st period - Stopped by Sergei Bobrovsky without a rebound.
6:48 of 1st period - Patrice Bergeron wins face-off versus Eric Staal in CAROLINA zone.
6:59 of 1st period - Kevin Shattenkirk is hit by Brent Burns and loses puck.
8:58 of 1st period - Off-side.
8:59 of 1st period - Michael Cammalleri wins face-off versus Brandon Sutter in neutral zone.
8:59 of 1st period - Minor Penalty to Paul Byron for Boarding.
9:00 of 1st period - Eric Staal wins face-off versus Patrice Bergeron in EDMONTON zone.
9:20 of 1st period - Shot by Zach Parise.
9:20 of 1st period - Stopped by Roberto Luongo with a rebound.
9:22 of 1st period - Shot by Patrice Bergeron.
9:22 of 1st period - Shot Misses the Net.
10:27 of 1st period - Shot by Shea Weber.
10:27 of 1st period - Stopped by Roberto Luongo with a rebound.
10:29 of 1st period - Shot by Patrice Bergeron.
10:29 of 1st period - Deflect By Zach Parise.
10:29 of 1st period - Stopped by Roberto Luongo without a rebound.
10:30 of 1st period - Eric Staal wins face-off versus Alexander Steen in EDMONTON zone.
11:26 of 1st period - Antoine Roussel is hit by Josh Manson and loses puck.
11:30 of 1st period - Icing by Sami Vatanen.
11:31 of 1st period - Torrey Mitchell wins face-off versus Bryan Little in EDMONTON zone.
11:42 of 1st period - Shot by Shayne Gostisbehere.
11:42 of 1st period - Shot Misses the Net.
12:37 of 1st period - Zach Parise is hit by Eric Staal and loses puck.
12:48 of 1st period - Shot by Eric Staal.
12:48 of 1st period - Shot Misses the Net.
12:50 of 1st period - Shot by Cam Atkinson.
12:50 of 1st period - Shot Blocked by Paul Martin.
12:52 of 1st period - Shot by Ondrej Palat.
12:52 of 1st period - Deflect By Eric Staal.
12:52 of 1st period - Shot Blocked by Patrice Bergeron.
12:54 of 1st period - Shot by Eric Staal.
12:54 of 1st period - Stopped by Sergei Bobrovsky without a rebound.
12:55 of 1st period - Brandon Sutter wins face-off versus Claude Giroux in CAROLINA zone.
12:56 of 1st period - Shot by Paul Byron.
12:56 of 1st period - Deflect By Jason Chimera.
12:56 of 1st period - Shot Misses the Net.
12:58 of 1st period - Shot by Deryk Engelland.
12:58 of 1st period - Shot Misses the Net.
13:00 of 1st period - Shot by Paul Byron.
13:00 of 1st period - Stopped by Sergei Bobrovsky without a rebound.
13:01 of 1st period - Brandon Sutter wins face-off versus Claude Giroux in CAROLINA zone.
13:02 of 1st period - Shot by Jason Chimera.
13:02 of 1st period - Stopped by Sergei Bobrovsky without a rebound.
13:03 of 1st period - Claude Giroux wins face-off versus Eric Staal in CAROLINA zone.
13:23 of 1st period - Shot by Alexander Steen.
13:23 of 1st period - Stopped by Roberto Luongo with a rebound.
13:25 of 1st period - Shot by Alexander Steen.
13:25 of 1st period - Shot Misses the Net.
13:27 of 1st period - Shot by Brent Burns.
13:27 of 1st period - Shot Blocked by Mark Giordano.
13:37 of 1st period - Shot by Brent Burns.
13:37 of 1st period - Stopped by Roberto Luongo without a rebound.
13:38 of 1st period - Michael Cammalleri wins face-off versus Paul Byron in EDMONTON zone.
13:44 of 1st period - Minor Penalty to Deryk Engelland for Unsportsmanlike conduct.
13:45 of 1st period - Patrice Bergeron wins face-off versus Eric Staal in EDMONTON zone.
14:00 of 1st period - Shot by Zach Parise.
14:00 of 1st period - Shot Misses the Net.
15:02 of 1st period - Shot by Claude Giroux.
15:02 of 1st period - Stopped by Roberto Luongo with a rebound.
15:43 of 1st period - Icing by Zach Parise.
15:44 of 1st period - Antoine Roussel wins face-off versus Bryan Little in CAROLINA zone.
16:15 of 1st period - Shot by Michael Cammalleri.
16:15 of 1st period - Stopped by Roberto Luongo without a rebound.
16:16 of 1st period - Brandon Sutter wins face-off versus Torrey Mitchell in EDMONTON zone.
16:56 of 1st period - Brent Burns is hit by Deryk Engelland and loses puck.
18:27 of 1st period - Minor Penalty to Brad Richardson for Hooking.
18:28 of 1st period - Patrice Bergeron wins face-off versus Eric Staal in EDMONTON zone.
18:33 of 1st period - Shot by Shea Weber.
18:33 of 1st period - Stopped by Roberto Luongo with a rebound.
18:39 of 1st period - Shot by Brent Burns.
18:39 of 1st period - Stopped by Roberto Luongo with a rebound.
18:41 of 1st period - Shot by Shea Weber.
18:41 of 1st period - Shot Misses the Net.
18:43 of 1st period - Shot by Patrice Bergeron.
18:43 of 1st period - Stopped by Roberto Luongo without a rebound.
18:44 of 1st period - Patrice Bergeron wins face-off versus Eric Staal in EDMONTON zone.
18:55 of 1st period - Shot by Brent Burns.
18:55 of 1st period - Stopped by Roberto Luongo without a rebound.
18:56 of 1st period - Eric Staal wins face-off versus Patrice Bergeron in EDMONTON zone.
18:56 of 1st period - Eric Staal is hit by Zach Parise.
19:03 of 1st period - Icing by Brent Burns.
19:04 of 1st period - Patrice Bergeron wins face-off versus Eric Staal in CAROLINA zone.
19:25 of 1st period - Shot by Shea Weber.
19:25 of 1st period - Shot Misses the Net.
19:27 of 1st period - Shot by Shea Weber.
19:27 of 1st period - Stopped by Roberto Luongo with a rebound.
19:29 of 1st period - Shot by Brent Burns.
19:29 of 1st period - Shot Misses the Net.
19:31 of 1st period - Shot by Zach Parise.
19:31 of 1st period - Deflect By Patrice Bergeron.
19:31 of 1st period - Shot Misses the Net.
19:33 of 1st period - Shot by Patrice Bergeron.
19:33 of 1st period - Shot Hit the Post.
19:35 of 1st period - Shot by Shea Weber.
19:35 of 1st period - Shot Misses the Net.
19:41 of 1st period - Shot by Brent Burns.
19:41 of 1st period - Shot Misses the Net.
19:43 of 1st period - Shot by Zach Parise.
19:43 of 1st period - Shot Misses the Net.
19:45 of 1st period - Shot by Shea Weber.
19:45 of 1st period - Shot Blocked by Josh Manson.
Goals for this period are 0 for CAROLINA vs 0 for EDMONTON.
Shots for this period are 15 for CAROLINA vs 6 for EDMONTON.

2nd period


0:01 of 2nd period - Claude Giroux wins face-off versus Eric Staal in neutral zone.
0:08 of 2nd period - Shot by Brent Burns.
0:08 of 2nd period - Stopped by Roberto Luongo with a rebound.
0:10 of 2nd period - Shot by Alexander Steen.
0:10 of 2nd period - Shot Blocked by Mark Giordano.
0:12 of 2nd period - Shot by Shea Weber.
0:12 of 2nd period - Shot Misses the Net.
0:27 of 2nd period - Off-side.
0:28 of 2nd period - Brandon Sutter wins face-off versus Patrice Bergeron in neutral zone.
0:52 of 2nd period - Patrice Bergeron is hit by Jason Chimera and loses puck.
1:28 of 2nd period - Icing by Brent Burns.
1:29 of 2nd period - Claude Giroux wins face-off versus Eric Staal in CAROLINA zone.
1:31 of 2nd period - Icing by Shea Weber.
1:32 of 2nd period - Eric Staal wins face-off versus Vladimir Tarasenko in CAROLINA zone.
1:32 of 2nd period - Andrew MacDonald is hit by Shea Weber and loses puck.
1:39 of 2nd period - Shot by Eric Staal.
1:39 of 2nd period - Stopped by Sergei Bobrovsky without a rebound.
1:40 of 2nd period - Michael Cammalleri wins face-off versus Eric Staal in CAROLINA zone.
1:55 of 2nd period - Shot by Antoine Roussel.
1:55 of 2nd period - Stopped by Roberto Luongo without a rebound.
1:56 of 2nd period - Bryan Little wins face-off versus Patrice Bergeron in EDMONTON zone.
2:15 of 2nd period - Shot by Marcus Johansson.
2:15 of 2nd period - Stopped by Sergei Bobrovsky without a rebound.
2:16 of 2nd period - Claude Giroux wins face-off versus Eric Staal in CAROLINA zone.
2:43 of 2nd period - Cam Atkinson is hit by Alexander Steen and loses puck.
2:47 of 2nd period - Icing by Kevin Shattenkirk.
2:48 of 2nd period - Michael Cammalleri wins face-off versus Eric Staal in EDMONTON zone.
3:13 of 2nd period - Shot by Ondrej Palat.
3:13 of 2nd period - Shot Hit the Post.
3:50 of 2nd period - Shot by Brandon Sutter.
3:50 of 2nd period - Deflect By Paul Byron.
3:50 of 2nd period - Stopped by Sergei Bobrovsky without a rebound.
3:51 of 2nd period - Bryan Little wins face-off versus Claude Giroux in CAROLINA zone.
4:00 of 2nd period - Shot by Bryan Little.
4:00 of 2nd period - Deflect By Marcus Johansson.
4:00 of 2nd period - Shot Misses the Net.
4:02 of 2nd period - Shot by Kyle Okposo.
4:02 of 2nd period - Stopped by Sergei Bobrovsky with a rebound.
4:04 of 2nd period - Shot by Kyle Okposo.
4:04 of 2nd period - Shot Misses the Net.
4:06 of 2nd period - Shot by Sami Vatanen.
4:06 of 2nd period - Deflect By Kyle Okposo.
4:06 of 2nd period - Stopped by Sergei Bobrovsky without a rebound.
4:07 of 2nd period - Patrice Bergeron wins face-off versus Brad Richardson in CAROLINA zone.
4:07 of 2nd period - Patrice Bergeron is hit by Melker Karlsson.
4:18 of 2nd period - Michael Grabner is hit by Kevin Shattenkirk and loses puck.
4:40 of 2nd period - Matt Calvert is hit by Luke Schenn and loses puck.
5:19 of 2nd period - Eric Staal is hit by Brent Burns and loses puck.
5:25 of 2nd period - Minor Penalty to Shea Weber for Hooking.
5:26 of 2nd period - Bryan Little wins face-off versus Vladimir Tarasenko in CAROLINA zone.
5:59 of 2nd period - Shot by Kevin Shattenkirk.
5:59 of 2nd period - Shot Blocked by Brent Burns.
6:03 of 2nd period - Shot by Kevin Shattenkirk.
6:03 of 2nd period - Shot Misses the Net.
6:05 of 2nd period - Shot by Sami Vatanen.
6:05 of 2nd period - Shot Misses the Net.
6:29 of 2nd period - Shot by Eric Staal.
6:29 of 2nd period - Shot Hit the Post.
6:31 of 2nd period - Shot by Mark Giordano.
6:31 of 2nd period - Stopped by Sergei Bobrovsky without a rebound.
6:32 of 2nd period - Eric Staal wins face-off versus Vladimir Tarasenko in CAROLINA zone.
6:41 of 2nd period - Shot by Eric Staal.
6:41 of 2nd period - Shot Blocked by Brent Burns.
6:43 of 2nd period - Shot by Cam Atkinson.
6:43 of 2nd period - Stopped by Sergei Bobrovsky without a rebound.
6:44 of 2nd period - Vladimir Tarasenko wins face-off versus Bryan Little in CAROLINA zone.
7:07 of 2nd period - Shot by Marcus Johansson.
7:07 of 2nd period - Shot Misses the Net.
7:59 of 2nd period - Shot by Antoine Roussel.
7:59 of 2nd period - Shot Blocked by Jason Chimera.
8:07 of 2nd period - Sami Vatanen is hit by Antoine Roussel.
8:23 of 2nd period - Shot by Ondrej Palat.
8:23 of 2nd period - Stopped by Sergei Bobrovsky with a rebound.
8:31 of 2nd period - Shot by Eric Staal.
8:31 of 2nd period - Shot Misses the Net.
9:01 of 2nd period - Off-side.
9:02 of 2nd period - Claude Giroux wins face-off versus Bryan Little in neutral zone.
10:16 of 2nd period - Shot by Patrice Bergeron.
10:16 of 2nd period - Shot Misses the Net.
10:18 of 2nd period - Shot by Zach Parise.
10:18 of 2nd period - Shot Blocked by Sami Vatanen.
10:20 of 2nd period - Shot by Patrice Bergeron.
10:20 of 2nd period - Stopped by Roberto Luongo without a rebound.
10:21 of 2nd period - Patrice Bergeron wins face-off versus Eric Staal in EDMONTON zone.
10:23 of 2nd period - Zach Parise is hit by Mark Giordano and loses puck.
11:35 of 2nd period - Shot by Shea Weber.
11:35 of 2nd period - Shot Misses the Net.
11:53 of 2nd period - Shot by Matt Nieto.
11:53 of 2nd period - Stopped by Roberto Luongo with a rebound.
11:55 of 2nd period - Shot by Torrey Mitchell.
11:55 of 2nd period - Stopped by Roberto Luongo without a rebound.
11:56 of 2nd period - Claude Giroux wins face-off versus Kyle Okposo in EDMONTON zone.
11:56 of 2nd period - Claude Giroux is hit by Deryk Engelland.
12:02 of 2nd period - Shot by Vladimir Tarasenko.
12:02 of 2nd period - Shot Misses the Net.
13:09 of 2nd period - Shot by Kevin Shattenkirk.
13:09 of 2nd period - Stopped by Sergei Bobrovsky with a rebound.
13:11 of 2nd period - Shot by Eric Staal.
13:11 of 2nd period - Shot Misses the Net.
13:36 of 2nd period - Icing by Claude Giroux.
13:37 of 2nd period - Claude Giroux wins face-off versus Jason Chimera in CAROLINA zone.
13:37 of 2nd period - Claude Giroux is hit by Brandon Sutter.
14:11 of 2nd period - Off-side.
14:12 of 2nd period - Bryan Little wins face-off versus Patrice Bergeron in neutral zone.
14:14 of 2nd period - Andrew MacDonald is hit by Shea Weber and loses puck.
14:39 of 2nd period - Shot by Zach Parise.
14:39 of 2nd period - Shot Blocked by Kyle Okposo.
14:41 of 2nd period - Shot by Michael Grabner.
14:41 of 2nd period - Shot Blocked by Andrew MacDonald.
14:43 of 2nd period - Shot by Shea Weber.
14:43 of 2nd period - Shot Blocked by Deryk Engelland.
14:45 of 2nd period - Shot by Michael Grabner.
14:45 of 2nd period - Shot Blocked by Andrew MacDonald.
15:46 of 2nd period - Shot by Cam Atkinson.
15:46 of 2nd period - Stopped by Sergei Bobrovsky without a rebound.
15:47 of 2nd period - Brandon Sutter wins face-off versus Torrey Mitchell in CAROLINA zone.
15:48 of 2nd period - Shot by Paul Byron.
15:48 of 2nd period - Stopped by Sergei Bobrovsky without a rebound.
15:49 of 2nd period - Eric Staal wins face-off versus Torrey Mitchell in CAROLINA zone.
15:52 of 2nd period - Shot by Cam Atkinson.
15:52 of 2nd period - Shot Blocked by Brent Burns.
16:01 of 2nd period - Off-side.
16:02 of 2nd period - Patrice Bergeron wins face-off versus Brandon Sutter in neutral zone.
16:02 of 2nd period - Patrice Bergeron is hit by Jason Chimera.
16:35 of 2nd period - Minor Penalty to Luke Schenn for Holding.
16:36 of 2nd period - Eric Staal wins face-off versus Vladimir Tarasenko in CAROLINA zone.
17:15 of 2nd period - Shot by Mark Giordano.
17:15 of 2nd period - Shot Misses the Net.
17:41 of 2nd period - Shot by Kevin Shattenkirk.
17:41 of 2nd period - Shot Blocked by Brent Burns.
17:43 of 2nd period - Shot by Kevin Shattenkirk.
17:43 of 2nd period - Shot Misses the Net.
17:59 of 2nd period - Shot by Bryan Little.
17:59 of 2nd period - Stopped by Sergei Bobrovsky with a rebound.
18:01 of 2nd period - Shot by Sami Vatanen.
18:01 of 2nd period - Stopped by Sergei Bobrovsky without a rebound.
18:02 of 2nd period - Bryan Little wins face-off versus Vladimir Tarasenko in CAROLINA zone.
Goals for this period are 0 for CAROLINA vs 0 for EDMONTON.
Shots for this period are 5 for CAROLINA vs 13 for EDMONTON.

3rd period


0:01 of 3rd period - Eric Staal wins face-off versus Alexander Steen in neutral zone.
0:10 of 3rd period - Shot by Ondrej Palat.
0:10 of 3rd period - Shot Blocked by Brent Burns.
0:14 of 3rd period - Shot by Cam Atkinson.
0:14 of 3rd period - Shot Misses the Net.
0:40 of 3rd period - Ondrej Palat is hit by Claude Giroux and loses puck.
1:39 of 3rd period - Shot by Patrice Bergeron.
1:39 of 3rd period - Shot Misses the Net.
1:41 of 3rd period - Shot by Zach Parise.
1:41 of 3rd period - Shot Blocked by Bryan Little.
2:19 of 3rd period - Shot by Michael Cammalleri.
2:19 of 3rd period - Stopped by Roberto Luongo without a rebound.
2:20 of 3rd period - Eric Staal wins face-off versus Torrey Mitchell in EDMONTON zone.
2:25 of 3rd period - Shot by Ondrej Palat.
2:25 of 3rd period - Shot Misses the Net.
2:28 of 3rd period - Icing by Shea Weber.
2:29 of 3rd period - Torrey Mitchell wins face-off versus Eric Staal in CAROLINA zone.
2:46 of 3rd period - Shot by Matt Nieto.
2:46 of 3rd period - Shot Misses the Net.
2:48 of 3rd period - Shot by Blake Comeau.
2:48 of 3rd period - Stopped by Roberto Luongo without a rebound.
2:49 of 3rd period - Brandon Sutter wins face-off versus Claude Giroux in EDMONTON zone.
2:49 of 3rd period - Brandon Sutter is hit by Alexander Steen.
2:54 of 3rd period - Off-side.
2:55 of 3rd period - Eric Staal wins face-off versus Claude Giroux in neutral zone.
3:02 of 3rd period - Shot by Eric Staal.
3:02 of 3rd period - Stopped by Sergei Bobrovsky with a rebound.
3:04 of 3rd period - Shot by Eric Staal.
3:04 of 3rd period - Stopped by Sergei Bobrovsky without a rebound.
3:05 of 3rd period - Eric Staal wins face-off versus Claude Giroux in CAROLINA zone.
3:14 of 3rd period - Shot by Ondrej Palat.
3:14 of 3rd period - Stopped by Sergei Bobrovsky with a rebound.
3:24 of 3rd period - Shot by Alexander Steen.
3:24 of 3rd period - Shot Misses the Net.
3:26 of 3rd period - Shot by Claude Giroux.
3:26 of 3rd period - Goal by Claude Giroux - CAROLINA : 1 - EDMONTON : 0.
3:27 of 3rd period - Bryan Little wins face-off versus Patrice Bergeron in neutral zone.
3:59 of 3rd period - Off-side.
4:00 of 3rd period - Eric Staal wins face-off versus Claude Giroux in neutral zone.
4:09 of 3rd period - Shot by Ondrej Palat.
4:09 of 3rd period - Shot Misses the Net.
4:11 of 3rd period - Shot by Ondrej Palat.
4:11 of 3rd period - Stopped by Sergei Bobrovsky without a rebound.
4:12 of 3rd period - Brandon Sutter wins face-off versus Antoine Roussel in CAROLINA zone.
4:23 of 3rd period - Shot by Brandon Sutter.
4:23 of 3rd period - Stopped by Sergei Bobrovsky without a rebound.
4:24 of 3rd period - Claude Giroux wins face-off versus Eric Staal in CAROLINA zone.
4:33 of 3rd period - Shot by Vladimir Tarasenko.
4:33 of 3rd period - Shot Misses the Net.
4:35 of 3rd period - Shot by Luke Schenn.
4:35 of 3rd period - Stopped by Roberto Luongo without a rebound.
4:36 of 3rd period - Patrice Bergeron wins face-off versus Bryan Little in EDMONTON zone.
4:36 of 3rd period - Brent Burns is hit by Josh Manson and loses puck.
4:43 of 3rd period - Shot by Bryan Little.
4:43 of 3rd period - Shot Misses the Net.
4:45 of 3rd period - Shot by Sami Vatanen.
4:45 of 3rd period - Deflect By Marcus Johansson.
4:45 of 3rd period - Shot Blocked by Shea Weber.
5:01 of 3rd period - Shot by Kyle Okposo.
5:01 of 3rd period - Shot Misses the Net.
5:03 of 3rd period - Shot by Bryan Little.
5:03 of 3rd period - Stopped by Sergei Bobrovsky without a rebound.
5:04 of 3rd period - Ondrej Palat wins face-off versus Claude Giroux in CAROLINA zone.
5:35 of 3rd period - Shot by Claude Giroux.
5:35 of 3rd period - Stopped by Roberto Luongo without a rebound.
5:36 of 3rd period - Brandon Sutter wins face-off versus Michael Cammalleri in EDMONTON zone.
5:36 of 3rd period - Paul Byron is hit by Scottie Upshall and loses puck.
6:26 of 3rd period - Icing by Andrew MacDonald.
6:27 of 3rd period - Claude Giroux wins face-off versus Brandon Sutter in EDMONTON zone.
6:28 of 3rd period - Shot by Alexander Steen.
6:28 of 3rd period - Stopped by Roberto Luongo without a rebound.
6:29 of 3rd period - Eric Staal wins face-off versus Claude Giroux in EDMONTON zone.
7:29 of 3rd period - Shot by Michael Grabner.
7:29 of 3rd period - Stopped by Roberto Luongo with a rebound.
8:01 of 3rd period - Shot by Marcus Johansson.
8:01 of 3rd period - Shot Misses the Net.
8:03 of 3rd period - Shot by Kyle Okposo.
8:03 of 3rd period - Shot Blocked by Brent Burns.
8:11 of 3rd period - Shot by Marcus Johansson.
8:11 of 3rd period - Shot Misses the Net.
8:13 of 3rd period - Shot by Kyle Okposo.
8:13 of 3rd period - Shot Misses the Net.
8:15 of 3rd period - Shot by Sami Vatanen.
8:15 of 3rd period - Stopped by Sergei Bobrovsky without a rebound.
8:16 of 3rd period - Brad Richardson wins face-off versus Michael Cammalleri in CAROLINA zone.
9:17 of 3rd period - Vladimir Tarasenko is hit by Deryk Engelland and loses puck.
9:24 of 3rd period - Shot by Claude Giroux.
9:24 of 3rd period - Stopped by Roberto Luongo with a rebound.
9:26 of 3rd period - Shot by Vladimir Tarasenko.
9:26 of 3rd period - Shot Blocked by Deryk Engelland.
9:28 of 3rd period - Shot by Alexander Steen.
9:28 of 3rd period - Stopped by Roberto Luongo with a rebound.
9:42 of 3rd period - Shot by Vladimir Tarasenko.
9:42 of 3rd period - Shot Misses the Net.
9:44 of 3rd period - Shot by Alexander Steen.
9:44 of 3rd period - Shot Misses the Net.
10:43 of 3rd period - Eric Staal is hit by Shea Weber.
11:02 of 3rd period - Minor Penalty to Shea Weber for Tripping.
11:03 of 3rd period - Bryan Little wins face-off versus Vladimir Tarasenko in CAROLINA zone.
11:18 of 3rd period - Shot by Bryan Little.
11:18 of 3rd period - Stopped by Sergei Bobrovsky without a rebound.
11:19 of 3rd period - Vladimir Tarasenko wins face-off versus Bryan Little in CAROLINA zone.
11:30 of 3rd period - Shot by Vladimir Tarasenko.
11:30 of 3rd period - Shot Misses the Net.
11:42 of 3rd period - Shot by Kevin Shattenkirk.
11:42 of 3rd period - Shot Blocked by Shayne Gostisbehere.
11:44 of 3rd period - Shot by Sami Vatanen.
11:44 of 3rd period - Goal by Sami Vatanen - CAROLINA : 1 - EDMONTON : 1.
11:45 of 3rd period - Brandon Sutter wins face-off versus Michael Cammalleri in neutral zone.
11:56 of 3rd period - Shot by Paul Byron.
11:56 of 3rd period - Stopped by Sergei Bobrovsky without a rebound.
11:57 of 3rd period - Torrey Mitchell wins face-off versus Eric Staal in CAROLINA zone.
12:10 of 3rd period - Shot by Cam Atkinson.
12:10 of 3rd period - Stopped by Sergei Bobrovsky without a rebound.
12:11 of 3rd period - Bryan Little wins face-off versus Alexander Steen in CAROLINA zone.
12:47 of 3rd period - Shot by Kyle Okposo.
12:47 of 3rd period - Stopped by Sergei Bobrovsky without a rebound.
12:48 of 3rd period - Michael Cammalleri wins face-off versus Eric Staal in CAROLINA zone.
13:15 of 3rd period - Brent Burns is hit by Josh Manson and loses puck.
13:23 of 3rd period - Cam Atkinson is hit by Shea Weber and loses puck.
13:56 of 3rd period - Shot by Vladimir Tarasenko.
13:56 of 3rd period - Stopped by Roberto Luongo without a rebound.
13:57 of 3rd period - Patrice Bergeron wins face-off versus Bryan Little in EDMONTON zone.
13:57 of 3rd period - Patrice Bergeron is hit by Kevin Shattenkirk.
14:17 of 3rd period - Shot by Marcus Johansson.
14:17 of 3rd period - Stopped by Sergei Bobrovsky without a rebound.
14:18 of 3rd period - Claude Giroux wins face-off versus Brandon Sutter in CAROLINA zone.
14:18 of 3rd period - Claude Giroux is hit by Jason Chimera.
14:23 of 3rd period - Claude Giroux is hit by Deryk Engelland and loses puck.
14:30 of 3rd period - Alexander Steen is hit by Jason Chimera and loses puck.
14:31 of 3rd period - Minor Penalty to Jason Chimera for Slashing.
14:32 of 3rd period - Eric Staal wins face-off versus Michael Grabner in EDMONTON zone.
14:55 of 3rd period - Shot by Zach Parise.
14:55 of 3rd period - Stopped by Roberto Luongo without a rebound.
14:56 of 3rd period - Alexander Steen wins face-off versus Eric Staal in EDMONTON zone.
14:56 of 3rd period - Alexander Steen is hit by Deryk Engelland.
15:02 of 3rd period - Shot by Vladimir Tarasenko.
15:02 of 3rd period - Stopped by Roberto Luongo without a rebound.
15:03 of 3rd period - Claude Giroux wins face-off versus Eric Staal in EDMONTON zone.
15:06 of 3rd period - Shot by Shea Weber.
15:06 of 3rd period - Shot Misses the Net.
15:08 of 3rd period - Shot by Claude Giroux.
15:08 of 3rd period - Goal by Claude Giroux - CAROLINA : 2 - EDMONTON : 1.
15:09 of 3rd period - Bryan Little wins face-off versus Patrice Bergeron in neutral zone.
15:18 of 3rd period - Mark Giordano is hit by Patrice Bergeron.
15:28 of 3rd period - Shot by Patrice Bergeron.
15:28 of 3rd period - Deflect By Zach Parise.
15:28 of 3rd period - Stopped by Roberto Luongo without a rebound.
15:29 of 3rd period - Claude Giroux wins face-off versus Brandon Sutter in EDMONTON zone.
15:32 of 3rd period - Shot by Vladimir Tarasenko.
15:32 of 3rd period - Stopped by Roberto Luongo without a rebound.
15:33 of 3rd period - Patrice Bergeron wins face-off versus Bryan Little in EDMONTON zone.
15:50 of 3rd period - Shot by Patrice Bergeron.
15:50 of 3rd period - Deflect By Zach Parise.
15:50 of 3rd period - Stopped by Roberto Luongo without a rebound.
15:51 of 3rd period - Brandon Sutter wins face-off versus Claude Giroux in EDMONTON zone.
16:31 of 3rd period - Shot by Alexander Steen.
16:31 of 3rd period - Stopped by Roberto Luongo with a rebound.
16:46 of 3rd period - Icing by Luke Schenn.
16:47 of 3rd period - Claude Giroux wins face-off versus Bryan Little in CAROLINA zone.
16:49 of 3rd period - Icing by Vladimir Tarasenko.
16:50 of 3rd period - Bryan Little wins face-off versus Claude Giroux in CAROLINA zone.
17:04 of 3rd period - Icing by Kevin Shattenkirk.
17:05 of 3rd period - Patrice Bergeron wins face-off versus Bryan Little in EDMONTON zone.
17:06 of 3rd period - Shot by Zach Parise.
17:06 of 3rd period - Shot Misses the Net.
17:16 of 3rd period - Shot by Patrice Bergeron.
17:16 of 3rd period - Shot Blocked by Mark Giordano.
17:18 of 3rd period - Shot by Shea Weber.
17:18 of 3rd period - Shot Misses the Net.
17:44 of 3rd period - Shot by Michael Grabner.
17:44 of 3rd period - Shot Misses the Net.
17:46 of 3rd period - Shot by Zach Parise.
17:46 of 3rd period - Shot Misses the Net.
17:48 of 3rd period - Shot by Patrice Bergeron.
17:48 of 3rd period - Shot Misses the Net.
18:31 of 3rd period - Josh Manson is hit by Scottie Upshall and loses puck.
18:56 of 3rd period - Shot by Vladimir Tarasenko.
18:56 of 3rd period - Stopped by Roberto Luongo without a rebound.
18:57 of 3rd period - Brandon Sutter wins face-off versus Torrey Mitchell in EDMONTON zone.
19:07 of 3rd period - EDMONTON, Roberto Luongo is pulled from the net.
19:54 of 3rd period - Icing by Kevin Shattenkirk.
19:55 of 3rd period - Roberto Luongo from EDMONTON was sent back in the game.
19:55 of 3rd period - Eric Staal wins face-off versus Patrice Bergeron in EDMONTON zone.
Goals for this period are 2 for CAROLINA vs 1 for EDMONTON.
Shots for this period are 18 for CAROLINA vs 13 for EDMONTON.